 Dungeon Crawl Stone Soup version 0.28.0 (webtiles) character file.

Game seed: 18375930524371027719

84 mcwallace the Skirmisher (level 4, -6/41 HPs)
             Began as a Hill Orc Fighter on Feb 18, 2022.
             Killed by nerve-wracking pain
             ... invoked by Grinder
              (14 damage)
             ... while paralysed by Grinder
             ... on level 3 of the Dungeon.
             The game lasted 00:02:28 (2022 turns).

mcwallace the Skirmisher (Hill Orc Fighter)         Turns: 2022, Time: 00:02:28

Health: -6/41      AC:  8    Str: 20    XL:     4   Next: 46%
Magic:  4/4        EV:  2    Int: 14    God:
Gold:   44         SH:  0    Dex: 10    Spells: 3/3 levels left

rFire   . . .      SeeInvis +   m - +3 whip (drain) {mace}
rCold   . . .      Faith    .   c - +0 buckler
rNeg    . . .      Spirit   .   b - +0 scale mail
rPois   .          Reflect  .   (no helmet)
rElec   .          Harm     .   (no cloak)
rCorr   .          Rampage  .   (no gloves)
Will    .....                   p - +0 pair of boots
Stlth   ..........              (no amulet)
HPRegen 0.13/turn               g - ring of see invisible
MPRegen 0.09/turn               n - +6 ring of intelligence

@: paralysed, mighty
A: no striking features
a: no special abilities


You were on level 3 of the Dungeon.
You visited 1 branch of the dungeon, and saw 3 of its levels.

You collected 44 gold pieces.


   Skills:
 + Level 4.3 Fighting
 + Level 3.9 Axes
 + Level 4.0 Armour
 + Level 4.0 Shields


You had 3 spell levels left.
You didn't know any spells.
Your spell library contained the following spells:

 Spells                   Type           Power      Damage    Failure   Level
 Animate Skeleton         Necr           0%         N/A       71%         1
 Pain                     Necr           0%         1d4       71%         1
 Sting                    Tmut/Pois      0%         1d3       71%         1
 Poisonous Vapours        Pois/Air       0%         N/A       85%         2
 Portal Projectile        Hex/Tloc       0%         N/A       97%         3
 Vampiric Draining        Necr           0%         2d6       97%         3
 Olgreb's Toxic Radiance  Pois           0%         N/A       100%        4
 Blade Hands              Tmut           0%         N/A       100%        5
 Excruciating Wounds      Necr           0%         N/A       100%        5
 Ozocubu's Refrigeration  Ice            0%         4d5       100%        7
 Ignition                 Fire           0%         3d3       100%        8

Inventory:

Hand Weapons
 a - a +0 war axe {axe}
 m - a +3 whip of draining (weapon) {mace}
   (You took it off a kobold on level 1 of the Dungeon)
Missiles
 j - 40 stones (quivered) {throwing}
 l - 12 sling bullets
Armour
 b - a +0 scale mail (worn)
 c - a +0 buckler (worn)
 p - a +0 pair of boots (worn)
   (You found it on level 2 of the Dungeon)
Jewellery
 g - a ring of see invisible (left hand)
   (You found it on level 1 of the Dungeon)
 n - a +6 ring of intelligence (right hand)
   (You found it on level 2 of the Dungeon)
Scrolls
 f - a scroll of silence {unknown}
 i - a scroll of vulnerability {unknown}
 k - 2 scrolls of immolation {unknown}
 o - 3 scrolls of magic mapping {unknown}
 q - a scroll of enchant weapon {unknown}
 r - 2 scrolls of teleportation {unknown}
Potions
 e - a potion of invisibility {unknown}
 h - a potion of heal wounds {unknown}
 s - a potion of brilliance {unknown}

Dungeon Overview and Level Annotations

Branches:
Dungeon (3/15)

Altars:

Annotations:
D:3 1 runed translucent door, Grinder; browni3141's ghost, weakling MiBe

#########.#)#
#.........#.#
#.........#.#
#.........#.#
#.........#)###
#...[.....#...#
#.....รท...#.####.#
#........5.......#
#.....@..##.######
#........##.#
#........##.#
#........'..#
#........#########
#........# #.....#
..........# #.....#
#########'##
#.....#
#.....#.####.....#


You could see Grinder.


Message History

You take 1 damage, and now have 24/40 hp.
The bat hits you but does no damage. The bat hits you but does no damage.
The bat hits you but does no damage. ๐Ÿ˜ฎ HP[+1]
The bat hits you but does no damage. The bat misses you.
The bat hits you but does no damage.
There is an open door here.
The bat hits you but does no damage. ๐Ÿ˜ฎ HP[+1]
You open the door.
There is an open door here.
Things that are here:
a +0 whip {mace}; a kobold corpse The bat hits you but does no damage.
There is a stone staircase leading up here.
The bat barely misses you. The gnoll hits you with a +0 whip.
You climb upwards.
There is a stone staircase leading down here. ๐Ÿ˜ฎ HP[-3]
You take 3 damage, and now have 23/40 hp.
You barely miss the gnoll. You block the gnoll's attack.
You completely miss the gnoll. The gnoll closely misses you.
You whack the gnoll!
The gnoll hits you with a +0 whip. ๐Ÿ˜ฎ HP[-1]
You take 1 damage, and now have 22/40 hp.
You whack the gnoll!
You kill the gnoll!
Your Armour skill increases to level 4! ๐Ÿ˜ฎ HP[+1]
You now have 41 max hp (+1).
You see here a +0 whip {mace}.
There is a stone staircase leading down here.
You start resting. ๐Ÿ˜Ž HP[+18]
Your hp is fully restored (41).
You climb downwards.
Level annotation: 1 runed translucent door, Grinder; browni3141's ghost, weakling MiBe The bat barely misses you. x2; The bat hits you but does no damage.
There is a stone staircase leading up here.
You closely miss the bat. You block the bat's attack.
The bat closely misses you.
You barely miss the bat. The bat hits you but does no damage.
The bat closely misses you.
You closely miss the bat. The bat hits you but does no damage.
You closely miss the bat. You block the bat's attack.
The bat hits you but does no damage.
You hit the bat.
You kill the bat!
Your Shields skill increases to level 4!
No reachable target in view!
There is an open door here.
Grinder says, "You look like you could use a good racking."
There is an open door here.
There is an open door here.
You barely miss Grinder. Grinder gestures at you.
Pain shoots through your body! ๐Ÿ˜• HP[-4]
You take 4 damage, and now have 37/41 hp.
You closely miss Grinder. Grinder hits you.
You writhe in agony. ๐Ÿ˜ฎ HP[-7]
You take 7 damage, and now have 30/41 hp.
You hit Grinder. Grinder hits you!
You writhe in agony.
* * * LOW HITPOINT WARNING * * *
๐Ÿ˜จ HP[-11]
You take 11 damage, and now have 19/41 hp.
MASSIVE DAMAGE!! (PAUSE)
You feel very mighty all of a sudden. You block Grinder's attack.
You hit Grinder.
Grinder blinks! ๐Ÿ˜จ HP[+1] Grinder gestures at you.
You suddenly lose the ability to move!
Grinder hits you but does no damage.
You can move again.
You whack Grinder! Grinder gestures at you. Pain shoots through your body!
* * * LOW HITPOINT WARNING * * *
๐Ÿ˜จ HP[-8]
You take 8 damage, and now have 12/41 hp.
You hit Grinder.
Grinder blinks!
Grinder blinks! ๐Ÿ˜จ HP[+1] Grinder says, "Just stop there for a second..."
You closely miss Grinder. Grinder hits you.
* * * LOW HITPOINT WARNING * * *
๐Ÿ˜ฑ HP[-6]
You take 6 damage, and now have 7/41 hp.
You whack Grinder! Grinder closely misses you.
You closely miss Grinder. Grinder hits you but does no damage.
You closely miss Grinder.
Grinder blinks!
Grinder blinks!
Grinder gestures at you.
You suddenly lose the ability to move!
Grinder gestures at you. Pain shoots through your body!
You die...

Skill      XL: |  1  2  3  4 |
---------------+-------------+-----
Axes           | 3 |  3.9
Fighting       | 4 |  4.3
Armour         | 4 |  4.0
Shields        | 4 |  4.0

Action                   |  1- 3 |  4- 6 || total
-------------------------+-------+-------++-------
Melee: War axe           |    37 |       ||    37
       Whip              |    83 |    26 ||   109
  Use: Potion            |       |     1 ||     1
Armor: Scale mail        |    58 |    20 ||    78
Dodge: Dodged            |    68 |     9 ||    77
Block: Buckler           |    28 |     7 ||    35

Levels and vault maps discovered:
D:1:      dpeg_arrival_court, layout_basic
D:2:      layout_loops_ring, nicolae_ecumenical_pavilion,
          ebering_dispersal_statue_hall
D:3:      layout_basic, nicolae_wu_jian_immortal_techniques,
          hellmonk_ghost_happy_afterlife, kennysheep_decorative_pillar,
          lemuel_old_faithful, uniq_grinder

Notes
Turn   | Place    | Note
-------+----------+-------------------------------------------
     0 | D:1      | mcwallace the Hill Orc Fighter began the quest for the Orb.
     0 | D:1      | Reached XP level 1. HP: 19/19 MP: 1/1
   321 | D:1      | Reached XP level 2. HP: 27/27 MP: 2/2
   324 | D:1      | magus.rc [v1.9.6]
   336 | D:1      | Reached skill level 3 in Axes
   356 | D:1      | You pick up a book of Necromancy and begin reading...
   356 | D:1      | You add the spells Pain, Animate Skeleton and Vampiric
                  | Draining to your library.
   581 | D:1      | You pick up a book of Weapons and begin reading...
   581 | D:1      | You add the spells Portal Projectile, Excruciating Wounds
                  | and Blade Hands to your library.
   916 | D:2      | Found a faded altar of an unknown god.
  1026 | D:2      | Reached skill level 4 in Fighting
  1026 | D:2      | Reached XP level 3. HP: 33/33 MP: 3/3
  1738 | D:3      | Found a runed translucent door.
  1738 | D:3      | Noticed browni3141's ghost (weakling MiBe)
  1748 | D:3      | You add the spells Sting and Poisonous Vapours to your
                  | library.
  1783 | D:3      | Reached XP level 4. HP: 37/40 MP: 4/4
  1806 | D:3      | Noticed Grinder
  1840 | D:2      | Reached skill level 4 in Armour
  1986 | D:3      | Reached skill level 4 in Shields
  2007 | D:3      | Paralysed by Grinder for 3 turns
  2015 | D:3      | HP: 7/41 [Grinder (6)]
  2020 | D:3      | Paralysed by Grinder for 7 turns
  2022 | D:3      | Killed from afar by Grinder

Vanquished Creatures
  3 gnolls
  An adder (D:2)
  A worm (D:2)
  5 bats
  3 goblins
  4 hobgoblins
  6 jackals (D:2)
  9 kobolds
  A quokka (D:2)
  5 ball pythons
  A frilled lizard (D:1)
  6 rats
45 creatures vanquished.

Table legend:
 A = Non-vault XP
 B = Vault XP
 C = Vault XP percentage of total XP
 D = Non-vault monster count
 E = Vault monster count
 F = Vault count percentage of total count
                 A         B        C        D         E       F
            +---------+---------+-------+---------+---------+-------
      Total |     121 |       0 |   0.0 |      45 |       0 |   0.0
            +---------+---------+-------+---------+---------+-------
        D:1 |      19 |       0 |   0.0 |      13 |       0 |   0.0
        D:2 |      68 |       0 |   0.0 |      27 |       0 |   0.0
        D:3 |      34 |       0 |   0.0 |       5 |       0 |   0.0
            +---------+---------+-------+---------+---------+-------

Illustrated notes

Table legend:
 A = Kills in this place as a percentage of kills in entire the game.
 B = Kills by you in this place as a percentage of kills by you in the entire game.
 C = Kills by friends in this place as a percentage of kills by friends in the entire game.
 D = Other kills in this place as a percentage of other kills in the entire game.
 E = Experience gained in this place as a percentage of experience gained in the entire game.
 F = Experience gained in this place divided by the number of levels of this place that you have seen.
                   A       B       C       D       E      F
               +-------+-------+-------+-------+-------+----------------------
         Total | 100.0 | 100.0 |   N/A |   N/A | 100.0 |  40.3
       Dungeon | 100.0 | 100.0 |   N/A |   N/A | 100.0 |  40.3
               +-------+-------+-------+-------+-------+----------------------

Table legend: (Time is in decaauts)
 A = Elapsed time spent in this place.
 B = Non-inter-level travel time spent in this place.
 C = Inter-level travel time spent in this place.
 D = Time resting spent in this place.
 E = Time spent auto-exploring this place.
 F = Levels seen in this place.
 G = Mean time per level.
                   A        B        C        D        E       F      G
               +--------+--------+--------+--------+--------+-----+--------+
         Total |   2040 |   1988 |     52 |    134 |   1471 |   3 |  680.0 |
       Dungeon |   2040 |   1988 |     52 |    134 |   1471 |   3 |  680.0 |
               +--------+--------+--------+--------+--------+-----+--------+

Top non-repeatable levels by time:
     D:2: 954 daAuts
     D:1: 929 daAuts
     D:3: 156 daAuts
